 Dungeon Crawl Stone Soup version 0.31-a0-620-gd1cbd99268 (webtiles) character file.

Game seed: 10130923448870782706

34415 senseless the Fighter (level 13, -4/114 (119) HPs)
             Began as a Pale Draconian Shapeshifter on Aug 23, 2023.
             Was an Elder of Ru.
             Slain by a fire elemental (19 damage)
             ... in a Gauntlet.
             The game lasted 00:47:17 (16883 turns).

senseless the Fighter (DrSh)                       Turns: 16883, Time: 00:47:18

HP:   -4/114 (119)  AC: 10    Str: 27    XL:     13   Next: 42%
MP:   17/17         EV: 22    Int:  8    God:    Ru [****..]
Gold: 174           SH:  0    Dex: 14    Spells: 18/18 levels left

rFire   x .          .
                       - Unarmed
rCold   x . .        (shield currently unavailable)
rNeg    . . .        (body armour unavailable)
rPois   .            K - +1 hat
rElec   .            (no cloak)
rCorr   .            (gloves currently unavailable)
SInv    .            O - +0 pair of boots
Will    .....        y - amulet of the acrobat
Stlth   +            i - +6 ring of strength
HPRegen 0.39/turn    T - +5 ring of evasion
MPRegen 0.15/turn

%: no teleportation, acrobat
@: exhausted, short of breath, blade hands, studying Fire Magic, lightly drained
A: breathe steam, AC +8, unfitting armour, cold-blooded, inability to use
devices, temperature sensitive, steam resistance
a: Breathe Steam, Begin Untransformation, Renounce Religion, Draw Out Power,
Power Leap


You were in a Gauntlet.
You worshipped Ru.
Ru was greatly pleased with you.
You had blades for hands.
You visited 3 branches of the dungeon, and saw 18 of its levels.
You also visited: Gauntlet.

You collected 1134 gold pieces.
You spent 960 gold pieces at shops.

Inventory:

Hand Weapons
 p - a +5 mace
 D - a +2 scimitar of flaming
 F - a +2 shortbow of flaming
 N - the +2 war axe "Yteun" {freeze, rElec Dex+3 Stlth-}
   (You found it on level 12 of the Dungeon)

   Dex+3:     It affects your dexterity (+3).
   rElec:     It insulates you from electricity.
   Stlth-:    It makes you less stealthy.
Missiles
 f - 10 poisoned darts
 C - 3 silver javelins
 L - 12 javelins
Armour
 K - a +1 hat (worn)
 O - a +0 pair of boots (worn)
Jewellery
 a - a +6 ring of strength
 i - a +6 ring of strength (left blade hand)
 o - a ring of willpower
 x - a +6 ring of strength
 y - an amulet of the acrobat (around neck)
 z - an amulet of faith
 A - the ring of Etasmapo {Wiz rN+}
   (You found it in a Gauntlet)

   [ring of wizardry]

   Wiz:       It improves your spell success rate.
   rN+:       It protects you from negative energy.
 B - a ring of willpower
 G - a ring of protection from cold
 T - a +5 ring of evasion (right blade hand)
Talismans
 b - a beast talisman
 c - a flux talisman
 t - a blade talisman (active)
Scrolls
 d - a scroll of enchant weapon
 g - 4 scrolls of fog
 h - a scroll of silence
 j - a scroll of immolation
 l - 3 scrolls of blinking
 r - a scroll of brand weapon
 s - 2 scrolls of teleportation
 u - 2 scrolls of vulnerability
 I - a scroll of fear
 P - 3 scrolls of identify
Potions
 e - 8 potions of curing
 k - a potion of cancellation
 m - 4 potions of heal wounds
 n - 2 potions of berserk rage
 q - 4 potions of resistance
 v - 2 potions of enlightenment
 w - 2 potions of might
 E - 2 potions of lignification
 H - 3 potions of brilliance
 M - 3 potions of mutation
 U - 2 potions of attraction


   Skills:
 + Level 12.5 Fighting
 + Level 10.8 Dodging
 + Level 11.9 Unarmed Combat
 + Level 3.2 Spellcasting
 + Level 5.6 Fire Magic
 + Level 11.0 Shapeshifting


You had 18 spell levels left.
You didn't know any spells.
Your spell library contained the following spells:

 Spells                   Type           Power      Damage    Failure   Level
 Magic Dart               Conj           4%         1d3       32%         1
 Sandblast                Erth           2%         2d4       32%         1
 Call Imp                 Summ           2%         N/A       43%         2
 Lesser Beckoning         Tloc           2%         N/A       43%         2
 Passwall                 Tmut/Erth      0%         N/A       43%         2
 Frozen Ramparts          Ice            2%         1d1       67%         3
 Gell's Gravitas          Tloc           1%         N/A       67%         3
 Mephitic Cloud           Conj/Pois/Air  1%         N/A       67%         3
 Stone Arrow              Conj/Erth      2%         3d7       67%         3
 Teleport Other           Tloc           1%         N/A       67%         3
 Petrify                  Tmut/Erth      1%         N/A       97%         4
 Metabolic Englaciation   Hex/Ice        0%         N/A       100%        5
 Dispersal                Tloc           0%         N/A       100%        6


Dungeon Overview and Level Annotations

Branches:
Dungeon (14/15)            Temple (1/1) D:4            Lair (3/5) D:11
 Shoals (0/4) Lair:2       Spider (0/4) Lair:2          Orc (0/2) D:12
Gauntlet (1/1)
 Vaults: D:13-14

Altars:
Ashenzari
Cheibriados
Dithmenos
Elyvilon
Fedhas
Gozag
Hepliaklqana
Kikubaaqudgha
Makhleb
Nemelex Xobeh
Okawaru
Qazlal
Ru
Sif Muna
Trog
Uskayaw
Vehumet
Wu Jian
Xom
Yredelemnul
Zin
The Shining One

Shops:
D:3 :   D:5 *

Annotations:
D:13 3 runed translucent doors, Caekett's ghost, journeyman GnRe
D:14 Louise Gauntlet 3 transporters, 1 runed translucent door


Innate Abilities, Weirdness & Mutations

You have blades for hands.
You are incapable of wielding weapons or throwing items.
You can breathe blasts of scalding, opaque steam.
Your pale cyan-grey scales are hard. (AC +8)
You cannot fit into any form of body armour.
You are cold-blooded and may be slowed by cold attacks.
You cannot study or use magical devices.
You are sensitive to extremes of temperature. (rF-, rC-)
You are immune to the effects of steam.


Message History

The fire elemental completely misses you.
The hell hound closely misses you.
You redirect the fire elemental's attack!
The fire elemental hits itself.
Aiming: Breathe Steam (1% risk of failure)
Press: ? - help, Shift-Dir - straight line, f - efreet
Aim: an efreet, wielding a +4 scimitar of flaming (moderately wounded, 91% to hit)
You exhale a blast of scalding steam.
The ball of steam misses the fire elemental.
The ball of steam hits the efreet.
The efreet resists.
The efreet is moderately wounded.
The hell hound misses you. The fire elemental hits you.
The fire elemental burns you! The fire burns you terribly!
The hell hound is stunned by your conviction and fails to attack.
You are restored by drawing out deep reserves of power within.
You feel drained. The fire elemental misses you.
The hell hound completely misses you. The efreet gestures at you.
The fireball explodes!
The fireball engulfs the fire elemental.
The fire elemental completely resists.
The fireball engulfs the efreet.
The efreet completely resists.
The fireball engulfs you!!! The fire burns you terribly!
* * * LOW HITPOINT WARNING * * *
You shred the hell hound!!!
You kill the hell hound!
The fire elemental completely misses you.
You hit the fire elemental but do no damage.
The fire elemental is lightly damaged.
The fire elemental hits you. The fire elemental burns you!
The fire burns you terribly!
* * * LOW HITPOINT WARNING * * *
The efreet gestures at you.
The bolt of fire hits the fire elemental.
The fire elemental completely resists.
The bolt of fire misses you.
You slash the fire elemental!
The fire elemental is moderately damaged.
The fire elemental hits you. The fire elemental burns you!
The fire burns you terribly!
You die...

#.###...###.#.##.##
#.###..(###.#2.44..$#...
#.#..##+.##.#########.P.
#©#.[#©#.©#©#.........♣
###..†##.##.#########.
..###...###.#.##.#:.#
..###...###.##§#..##
..#########.##RE##.##.♣.
#.........#©#§##@#.©#.P.
#≈..♣P♣P♣.####.#..###...
#≈≈.........##..##.# .
####..P..P♣.#.##.#?"#
≈..P.P..#########.
≈≈..................
###≈≈≈#≈≈≈#≈≈≈ ≈≈≈#≈ ##≈
##≈###≈###≈##


You could see 2 orange demons, an efreet and a fire elemental.

Vanquished Creatures
  3 hydras
  Erica (D:8)
  3 centaur warriors
  2 two-headed ogres
  Nergalle (Lair:1)
  A flayed ghost (D:14)
  A wizard (Gauntlet)
  3 deep elf pyromancers
  A cyclops (D:11)
  A manticore (D:11)
  2 ugly things
  2 black mambas
  5 elephants (Lair:2)
  Joseph (Lair:1)
  7 cane toads
  A gargoyle (D:10)
  2 efreet (D:13)
  2 rime drakes
  A kobold demonologist (D:9)
  A komodo dragon (Lair:1)
  9 trolls
  2 hornets (D:8)
  A raiju (shapeshifter) (D:13)
  A raiju (Gauntlet)
  A dream sheep (Lair:1)
  6 blink frogs (Lair:1)
  A shadow (D:11)
  A vampire (D:10)
  3 basilisks (Lair:1)
  A wyvern (Lair:2)
  2 wraiths
  41 yaks
  2 steam dragons (Gauntlet)
  2 vampire mosquitoes (D:12)
  Menkaure (D:4)
  An acid dragon (D:11)
  10 water moccasins
  3 hell hounds (Gauntlet)
  6 ice beasts
  7 orc warriors
  2 black bears
  2 sky beasts (D:6)
  3 ogres
  9 centaurs
  3 wolves (D:11)
  11 bullfrogs
  2 scorpions
  3 killer bees (D:10)
  2 electric eels (D:13)
  2 howler monkeys
  2 lava snakes (D:11)
  4 jellies
  4 hounds
  9 orc priests
  2 gnoll boudas
  3 sleepcaps
  5 iguanas
  13 orc wizards
  11 gnolls
  6 adders
  A shadow imp (Gauntlet)
  6 white imps
  5 ufetubi
  2 dart slugs
  A worm (D:3)
  53 orcs
  6 bats (D:2)
  7 endoplasms
  4 giant cockroaches
  5 goblins
  10 hobgoblins
  2 jackals (D:2)
  5 quokkas
  8 ball pythons
  6 frilled lizards
  8 kobolds
  7 rats
376 creatures vanquished.

Vanquished Creatures (others)
  A black bear (D:6)
1 creature vanquished.

Grand Total: 377 creatures vanquished

Notes
Turn   | Place    | Note
-------+----------+-------------------------------------------
     0 | D:1      | senseless the Draconian Shapeshifter began the quest for
                  | the Orb.
     0 | D:1      | Reached XP level 1. HP: 16/16 MP: 1/1
   215 | D:1      | Reached XP level 2. HP: 20/23 MP: 2/2
   653 | D:2      | Reached XP level 3. HP: 29/29 MP: 3/3
   989 | D:2      | Reached skill level 2 in Fighting
  1251 | D:3      | Reached XP level 4. HP: 36/36 MP: 4/4
  1303 | D:3      | Found Yppotenk's Vocational Training.
  1651 | D:3      | Reached XP level 5. HP: 25/42 MP: 5/5
  2138 | D:4      | Reached skill level 3 in Fighting
  2318 | D:4      | Reached XP level 6. HP: 12/51 MP: 6/6
  2685 | D:4      | Noticed Menkaure
  2694 | D:4      | Killed Menkaure
  2695 | D:4      | Reached skill level 4 in Fighting
  2861 | D:4      | Your scales start taking on a pale cyan-grey colour.
  2861 | D:4      | Reached XP level 7. HP: 49/59 MP: 7/7
  2861 | D:4      | Gained mutation: You are immune to the effects of steam.
                  | [Pale Draconian growth]
  3105 | D:4      | Found a staircase to the Ecumenical Temple.
  3112 | D:4      | Identified the scarf of Gigog {harm, Will+}
  3134 | Temple   | Entered the Ecumenical Temple
  3145 | Temple   | Became a worshipper of Ru the Awakened
  3168 | D:4      | Reached skill level 5 in Unarmed Combat
  3387 | D:5      | Entered Level 5 of the Dungeon
  3745 | D:5      | Found Tayna's Fire Supplies.
  4309 | D:5      | Reached skill level 5 in Shapeshifting
  4318 | D:5      | Gained mutation: You are sensitive to extremes of
                  | temperature. (rF-, rC-) [Ru sacrifice]
  4318 | D:5      | Reached * piety under Ru
  4318 | D:5      | Reached ** piety under Ru
  4728 | D:6      | Reached skill level 5 in Fighting
  4728 | D:6      | Reached XP level 8. HP: 68/68 MP: 8/8
  4730 | D:6      | Identified the scarf of the Lotus Blossom {harm, Int+3}
  5161 | D:6      | Reached skill level 5 in Dodging
  5215 | D:6      | Reached skill level 6 in Fighting
  5658 | D:6      | Reached XP level 9. HP: 75/78 MP: 9/9
  6388 | D:7      | Noticed a troll
  6392 | D:7      | Killed a troll
  6393 | D:7      | Reached skill level 7 in Fighting
  6393 | D:7      | Found a broken altar of Ashenzari.
  6403 | D:7      | Found a hide-covered altar of Uskayaw.
  6404 | D:7      | Found an iron altar of Okawaru.
  7015 | D:8      | Noticed a two-headed ogre
  7022 | D:8      | Killed a two-headed ogre
  7023 | D:8      | Reached skill level 8 in Fighting
  7023 | D:8      | Reached XP level 10. HP: 60/88 MP: 10/10
  7150 | D:8      | Noticed Erica
  7159 | D:8      | Killed Erica
  8352 | D:10     | Entered Level 10 of the Dungeon
  8380 | D:10     | Reached skill level 9 in Fighting
  8944 | D:10     | Noticed a gargoyle
  8944 | D:10     | Noticed a two-headed ogre
  8950 | D:10     | Killed a gargoyle
  9007 | D:10     | Killed a two-headed ogre
  9008 | D:10     | Reached XP level 11. HP: 82/97 MP: 11/11
  9439 | D:10     | Found a shimmering altar of Xom.
  9554 | D:11     | Noticed a deep elf pyromancer
 10059 | D:11     | Found a staircase to the Lair.
 10165 | D:11     | Killed a deep elf pyromancer
 10166 | D:11     | Reached skill level 10 in Fighting
 10878 | D:12     | Noticed a storm dragon
 10879 | D:12     | Noticed a great orb of eyes
 10883 | D:12     | Noticed a centaur warrior
 10885 | D:12     | a salamander changed into a fire crab
 10885 | D:12     | Noticed a fire crab (shapeshifter)
 10895 | D:12     | a fire crab changed into a harpy
 10895 | D:12     | Noticed a harpy (shapeshifter)
 11130 | D:12     | Noticed a purple ugly thing
 11142 | D:12     | Killed a purple ugly thing
 11143 | D:12     | Reached skill level 10 in Unarmed Combat
 11421 | D:12     | Found a staircase to the Orcish Mines.
 11530 | D:12     | Identified the +2 war axe "Yteun" {freeze, rElec Dex+3
                  | Stlth-}
 11687 | D:12     | Noticed a deep elf pyromancer
 11700 | D:12     | Killed a deep elf pyromancer
 12143 | D:13     | Noticed a centaur warrior
 12144 | D:13     | Noticed a deep elf pyromancer
 12149 | D:13     | Killed a deep elf pyromancer
 12156 | D:13     | Killed a centaur warrior
 12163 | D:13     | Noticed a centaur warrior
 12166 | D:13     | Killed a centaur warrior
 12167 | D:13     | Reached XP level 12. HP: 40/108 MP: 12/12
 12444 | D:13     | Noticed a four-headed hydra
 12456 | D:13     | Killed a four-headed hydra
 12457 | D:13     | Reached skill level 11 in Fighting
 12819 | D:13     | Found a runed translucent gate.
 12819 | D:13     | Found a runed translucent gate.
 12819 | D:13     | Found a runed translucent gate.
 12820 | D:13     | Noticed Caekett's ghost (journeyman GnRe)
 13224 | D:14     | Noticed Louise
 13224 | D:14     | Noticed a centaur warrior
 13325 | D:14     | Noticed a five-headed hydra
 13332 | D:14     | Killed a five-headed hydra
 13543 | D:14     | Killed a centaur warrior
 13544 | D:14     | Reached skill level 10 in Shapeshifting
 13670 | Lair:1   | Entered Level 1 of the Lair of Beasts
 13861 | Lair:1   | Identified the +2 ring mail of Pathos {rElec rPois Int+4}
 14036 | Lair:1   | Reached skill level 10 in Dodging
 14277 | Lair:1   | Noticed Nergalle
 14288 | Lair:1   | Killed Nergalle
 14482 | D:5      | Bought a manual of Fire Magic for 960 gold pieces
 14600 | Lair:1   | Noticed Joseph
 14609 | Lair:1   | Killed Joseph
 14623 | Lair:1   | Reached skill level 1 in Fire Magic
 14649 | Lair:1   | Reached skill level 1 in Spellcasting
 14672 | Lair:1   | Reached skill level 12 in Fighting
 15432 | Lair:1   | Reached XP level 13. HP: 117/118 MP: 15/15
 16233 | Lair:2   | Found a hole to the Spider Nest.
 16245 | Lair:2   | Reached skill level 5 in Fire Magic
 16373 | Lair:2   | Found a staircase to the Shoals.
 16711 | Lair:2   | Gained mutation: You cannot study or use magical devices.
                  | [Ru sacrifice]
 16711 | Lair:2   | Reached *** piety under Ru
 16711 | Lair:2   | Reached **** piety under Ru
 16782 | Lair:3   | Found a gate leading to a gauntlet.
 16791 | Gauntlet | Entered a Gauntlet
 16791 | Gauntlet | Found a transporter.
 16798 | Gauntlet | Found a transporter.
 16799 | Gauntlet | Found a transporter.
 16815 | Gauntlet | Found a runed translucent door.
 16816 | Gauntlet | Found a transporter.
 16817 | Gauntlet | Found a runed translucent door.
 16824 | Gauntlet | Found a transporter.
 16824 | Gauntlet | Found a transporter.
 16824 | Gauntlet | Found a transporter.
 16842 | Gauntlet | Identified the ring of Etasmapo {Wiz rN+}
 16854 | Gauntlet | Noticed a green death
 16871 | Gauntlet | Found a transporter.
 16883 | Gauntlet | Slain by a fire elemental

Illustrated notes

Levels and vault maps discovered:
D:1:      dpeg_arrival_castle, layout_loops_ring
D:2:      layout_basic
D:3:      layout_loops_ring, grunt_decor_arrowhead, nicolae_shop_vocational
D:4:      layout_cave_pools, minmay_temple_entry_waves, uniq_menkaure
D:5:      wad_lake_hut, layout_loops_corners, hangedman_abyss_or_decor_stagger,
          nicolae_shop_fire_sale [nicolae_sub_dead_trees], corexii_corridor_pit
D:6:      layout_basic, serial_demonic, serial_demonic_c, serial_demonic_g,
          serial_demonic_e, serial_demonic_g, serial_demonic_f
D:7:      layout_basic, ashenzari_conservatory_becter,
          grunt_temple_overflow_open
D:8:      layout_loops_ring, uniq_erica
D:9:      layout_long_grid
D:10:     layout_gridville, lemuel_coloured_pillars_altar,
          grunt_decor_one_mirror, grunt_ministairs_13
D:11:     layout_big_octagon, hellmonk_lair_entry_icy, due_unseen_surprise
D:12:     layout_cave_pods, david_orc_4, onia_ninara_dug_in_and_dangerous
D:13:     layout_basic, gammafunk_ghost_nasty_kobolds
D:14:     layout_rooms, hangedman_vaults_entry_quadrant_bands, serial_shops,
          nicolae_shop_mannequins, serial_corexii_hall, corexii_hall_statues_t,
          chequers_hall_statues_corner_a, grunt_decor_cap, uniq_rupert,
          uniq_frances, uniq_louise
Temple:   mainiacjoe_temple_bowtie_tessellation
Lair:1:   layout_cellular_growth, st_stairs_13, minmay_shattered_shrine,
          uniq_nergalle, uniq_joseph
Lair:2:   layout_regular_city, shoals_dummy_entry, spider_nest_entry_web_field,
          wad_woods_road_03
Lair:3:   layout_cave_pods, gauntlet_entry_generic, enter_volcano_4
Gauntlet: minmay_gauntlet_77_tree [minmay_gauntlet_arena_77_hold_the_fort,
          minmay_gauntlet_arena_77_chump_sandwich,
          minmay_gauntlet_arena_77_cramped, minmay_gauntlet_arena_77_mess,
          minmay_gauntlet_arena_77_two_paths, minmay_gauntlet_arena_77_braids,
          minmay_gauntlet_arena_77_tiled_triplets,
          nicolae_gauntlet_exit_dead_adventurers]

Skill      XL: |  1  2  3  4  5  6  7  8  9 10 11 12 13 |
---------------+----------------------------------------+-----
Dodging        | 2 3 4 5 6 8 9 10 | 10.8
Fighting       | 2 3 4 5 6 8 9 10 12 | 12.5
Unarmed Combat | 4 5 6 7 9 10 11 | 11.9
Shapeshifting  | 4 5 6 7 8 9 10 11 | 11.0
Fire Magic     | 3 5 |  5.6
Spellcasting   | 1 3 |  3.2

Action                     |  1- 3 |  4- 6 |  7- 9 | 10-12 | 13-15 || total
---------------------------+-------+-------+-------+-------+-------++-------
  Melee: Dagger            |   113 |    99 |       |       |       ||   212
         Tailslap          |    16 |    20 |    37 |    40 |    26 ||   139
         Punch             |     4 |     5 |     7 |    17 |    14 ||    47
         Unarmed           |     1 |    60 |   253 |   339 |   102 ||   755
  Throw: Dart              |     1 |     2 |     4 |       |       ||     7
 Invoke: Sacrifice Resista |       |       |     1 |       |       ||     1
         Draw Out Power    |       |       |       |       |     1 ||     1
         Sacrifice Artific |       |       |       |       |     1 ||     1
Ability: Breathe Steam     |       |       |    18 |    41 |     5 ||    64
  Evoke: Wand              |       |     1 |       |    16 |       ||    17
    Use: Potion            |       |     1 |     1 |       |     1 ||     3
         Scroll            |       |       |    15 |     8 |     2 ||    25
   Stab: Sleeping          |     2 |     1 |     2 |     1 |       ||     6
         Distracted        |       |       |       |     1 |     1 ||     2
 Armour: Skin              |    28 |    41 |    76 |    68 |    16 ||   229
  Dodge: Dodged            |    54 |    79 |   169 |   250 |    61 ||   613
   Form: Blade             |       |       |     1 |       |       ||     1

Table legend: (Time is in decaauts)
 A = Elapsed time spent in this place.
 B = Non-inter-level travel time spent in this place.
 C = Inter-level travel time spent in this place.
 D = Time resting spent in this place.
 E = Time spent auto-exploring this place.
 F = Levels seen in this place.
 G = Mean time per level.
                   A        B        C        D        E       F      G
               +--------+--------+--------+--------+--------+-----+--------+
         Total |  16758 |  15900 |    858 |    744 |  12888 |  19 |  882.0 |
       Dungeon |  13782 |  13079 |    703 |    744 |  10528 |  14 |  984.4 |
        Temple |     20 |      2 |     18 |      0 |      0 |   1 |   20.0 |
          Lair |   2867 |   2731 |    136 |      0 |   2360 |   3 |  955.7 |
      Gauntlet |     87 |     87 |      0 |      0 |      0 |   1 |   87.0 |
               +--------+--------+--------+--------+--------+-----+--------+

Top non-repeatable levels by time:
  Lair:1: 1800 daAuts
    D:13: 1443 daAuts
     D:5: 1316 daAuts
    D:11: 1291 daAuts
    D:10: 1278 daAuts
     D:4: 1235 daAuts
     D:6: 1202 daAuts
    D:12: 1087 daAuts
  Lair:2: 1037 daAuts
     D:8: 996 daAuts
     D:3: 923 daAuts
     D:7: 906 daAuts
     D:9: 686 daAuts
     D:1: 616 daAuts
     D:2: 526 daAuts
